Map: Amygdala

Players

Serral

  • Race: Zerg Zerg
  • League: Master
  • Spawn Location: 1:00

LiquidClem (Clem) - Winner!

  • Race: Terran Terran
  • League: Grandmaster
  • Spawn Location: 7:00

Event: HomeStory Cup XXVI

VOD

Have the link to the VOD?

Description

Time

  • Played on: Dec. 1, 2024, 11:45 a.m.
  • Length: 10:08

All games in this series

Show
View Real Time Build Order
Export as new Build Order

Serral Zerg 

Build Orders: Hatch First 

Get SALT Encoding   

  12  0:00  Drone  
  13  0:11  Overlord  
  13  0:16  Drone  
  14  0:30  Drone x2  
  16  0:45  Hatchery  
  16  0:49  Drone  
  16  0:52  Drone  
  16  0:55  Drone  
  18  1:06  Extractor  
  18  1:10  Spawning Pool  
  16  1:13  Drone  
  16  1:17  Drone  
  18  1:27  Drone  
  19  1:37  Drone  
  20  1:48  Drone  
  21  1:56  Queen  
  21  1:57  Queen  
  21  1:58  Zergling x2  
  21  1:59  Zergling x2  
  27  2:10  Overlord  
  27  2:11  Drone, Metabolic Boost  
  28  2:21  Extractor  
  27  2:29  Hatchery  
  26  2:30  Drone  
  26  2:32  Drone  
  26  2:35  Drone  
  29  2:42  Drone  
  30  2:47  Queen  
  32  2:52  Overlord  
  32  2:54  Drone  
  32  2:57  Drone  
  34  2:59  Drone  
  35  3:06  Overlord  
  35  3:10  Drone x2  
  35  3:11  Drone  
  39  3:12  Drone  
  39  3:13  Drone  
  39  3:19  Queen  
  42  3:22  Drone  
  43  3:27  Queen  
  43  3:30  Drone  
  43  3:32  Drone  
  47  3:37  Zergling x4  
  47  3:40  Drone x2  
  51  3:47  Overlord, Extractor  
  50  3:50  Drone x2  
  50  3:52  Drone  
  54  3:57  Drone x2  
  54  4:00  Roach Warren  
  54  4:02  Overlord  
  55  4:03  Zergling x2  
  55  4:04  Drone  
  55  4:06  Drone  
  55  4:08  Drone  
  59  4:14  Drone x2  
  63  4:17  Overlord  
  63  4:21  Queen  
  63  4:22  Drone x3  
  66  4:25  Overlord  
  66  4:27  Drone  
  66  4:29  Drone  
  68  4:36  Zergling x2  
  68  4:38  Zergling x2, Lair  
  69  4:40  Overlord  
  69  4:41  Drone x3  
  72  4:47  Extractor  
  72  4:48  Drone x2, Evolution Chamber, Extractor  
  71  4:53  Drone x4  
  75  5:03  Roach x3  
  75  5:05  Overlord, Extractor  
  80  5:07  Hatchery  
  80  5:09  Roach  
  80  5:10  Roach x2  
  85  5:16  Overlord  
  85  5:17  Extractor, Roach x2  
  85  5:21  Overlord x2  
  88  5:31  Roach  
  88  5:32  Extractor, Roach x3  
  95  5:42  Drone  
  87  5:43  Drone  
  87  5:45  Queen x2  
  87  5:47  Drone x6  
  94  5:51  Roach  
  94  5:53  Drone x2  
  94  5:56  Drone  
  99  6:01  Drone x4  
  99  6:04  Glial Reconstitution  
  99  6:12  Zerg Ground Armor Level 1  
  99  6:14  Drone x3  
  101  6:18  Drone x2  
  101  6:23  Drone x4, Infestation Pit  
  106  6:27  Overlord  
  106  6:28  Roach  
  108  6:33  Baneling Nest, Roach x2  
  108  6:36  Overlord  
  111  6:41  Roach x2  
  111  6:45  Evolution Chamber  
  111  6:46  Drone x2  
  111  6:47  Drone x3, Overseer  
  116  6:49  Ravager  
  116  6:50  Extractor, Ravager x2  
  112  6:55  Drone x5  
  112  6:57  Drone  
  112  6:58  Drone  
  117  7:04  Drone x3  
  118  7:09  Drone x3  
  118  7:13  Drone x3  
  124  7:19  Hive  
  124  7:23  Centrifugal Hooks, Zerg Melee Weapons Level 1  
  124  7:29  Zergling x12  
  130  7:31  Overlord  
  130  7:33  Ravager x2  
  130  7:35  Drone  
  133  7:37  Overlord  
  133  7:38  Zergling x6  
  133  7:40  Overlord x2  
  136  7:44  Overlord  
  136  7:51  Baneling x8  
  136  7:52  Drone, Zergling x2  
  136  7:53  Zergling x10  
  143  8:00  Zergling x8  
  143  8:03  Zergling x2  
  144  8:06  Zergling x2  
  144  8:07  Zergling x14  
  152  8:15  Zergling x12  
  154  8:21  Baneling x7  
  154  8:25  Zergling x10  
  159  8:29  Zergling x2  
  159  8:31  Baneling x6  
  159  8:32  Ravager x2  
  162  8:40  Zergling x18  
  155  8:46  Zergling x10  
  148  8:54  Zergling x12  
  132  8:59  Roach  
  128  9:04  Queen x2  
  128  9:05  Roach x6  
  135  9:12  Zergling x12  
  135  9:14  Zergling x2  
  135  9:15  Zergling x2  
  133  9:19  Zergling x2  
  133  9:20  Zergling x6  
  127  9:25  Roach  
  127  9:26  Roach  
  127  9:29  Zergling x4  
  129  9:33  Zergling x10  
  129  9:34  Zergling x4  
Show
View Real Time Build Order
Export as new Build Order

LiquidClem Terran - Winner!

Build Orders: Reaper Expand 

Get SALT Encoding   

  12  0:00  SCV  
  13  0:12  SCV  
  14  0:17  Supply Depot  
  14  0:24  SCV  
  15  0:38  SCV  
  15  0:39  Barracks  
  16  0:43  Refinery  
  16  0:50  SCV  
  17  1:02  SCV  
  18  1:14  SCV  
  19  1:27  Orbital Command, Reaper  
  20  1:39  Command Center  
  20  1:46  Supply Depot  
  20  1:52  SCV  
  21  1:59  Marine  
  22  2:04  SCV  
  23  2:09  Factory  
  23  2:17  SCV  
  25  2:24  Barracks Reactor  
  25  2:29  SCV  
  25  2:37  Command Center  
  25  2:41  SCV  
  26  2:51  Orbital Command  
  26  2:53  SCV  
  27  2:59  Barracks  
  27  3:06  SCV  
  27  3:08  Barracks Tech Lab, Hellion  
  30  3:13  Hellion  
  30  3:16  SCV  
  33  3:20  SCV  
  33  3:25  Refinery  
  33  3:26  Stimpack  
  34  3:27  Marine  
  34  3:28  SCV  
  34  3:33  SCV  
  37  3:41  SCV  
  38  3:45  SCV, Marine  
  38  3:48  Starport  
  40  3:50  Orbital Command  
  40  3:53  SCV  
  40  3:54  Marine x2  
  43  3:59  Factory Reactor  
  43  4:00  SCV  
  44  4:03  Marine  
  44  4:05  SCV  
  44  4:08  Supply Depot  
  46  4:12  SCV, Marine x2  
  46  4:16  SCV  
  50  4:17  SCV  
  50  4:22  Marine  
  52  4:25  SCV  
  52  4:28  SCV  
  52  4:29  SCV  
  52  4:30  Marine  
  52  4:31  Supply Depot, Marine, Armory  
  57  4:34  Medivac  
  57  4:35  Hellion  
  57  4:36  Hellion  
  57  4:38  SCV  
  64  4:40  Marine  
  64  4:42  Refinery  
  65  4:46  SCV x2  
  65  4:47  Marine  
  65  4:51  SCV, Barracks  
  69  4:53  Marine, Refinery  
  69  4:57  Supply Depot  
  69  4:58  Marine  
  71  5:02  Hellion  
  71  5:04  Hellion  
  71  5:05  Marine  
  76  5:08  SCV  
  76  5:10  Supply Depot  
  76  5:11  Starport Reactor  
  76  5:13  Combat Shield  
  77  5:14  Orbital Command  
  77  5:18  Marine  
  77  5:19  SCV  
  77  5:20  Engineering Bay  
  79  5:21  Engineering Bay  
  79  5:22  Supply Depot  
  79  5:23  Marine  
  79  5:25  SCV  
  81  5:31  SCV  
  81  5:33  Supply Depot, Marine  
  81  5:35  Factory Tech Lab  
  83  5:36  Marine  
  83  5:39  SCV  
  83  5:40  SCV  
  82  5:44  Marine  
  82  5:45  SCV  
  76  5:50  Medivac x2  
  76  5:51  SCV  
  76  5:55  Marine  
  73  5:57  Siege Tank  
  73  5:59  SCV, Marine  
  73  6:00  SCV  
  73  6:03  SCV, Marine  
  81  6:06  Terran Infantry Weapons Level 1  
  81  6:07  Terran Infantry Armor Level 1  
  81  6:09  Marine x2  
  83  6:16  SCV, Barracks  
  83  6:18  SCV  
  85  6:19  Marine, Barracks  
  85  6:21  Marine  
  85  6:25  Supply Depot, Medivac  
  89  6:27  Medivac  
  89  6:30  Marine x2  
  89  6:31  SCV x2  
  89  6:32  SCV  
  96  6:33  Marine  
  96  6:37  Siege Tank, Marine  
  101  6:41  Marine  
  101  6:43  SCV  
  101  6:46  Supply Depot  
  103  6:47  SCV, Marine  
  103  6:48  SCV, Refinery  
  103  6:49  Refinery  
  106  6:55  SCV  
  106  6:57  Marine x2, Marauder  
  106  6:59  Marine  
  106  7:01  Terran Vehicle Weapons Level 1  
  111  7:05  Marine  
  112  7:08  Barracks, Barracks Reactor x2  
  112  7:10  Barracks  
  112  7:11  Barracks  
  112  7:15  Supply Depot  
  112  7:16  Medivac  
  112  7:18  Marauder  
  112  7:19  Marine x2  
  112  7:21  Supply Depot x2  
  118  7:24  Siege Tank  
  118  7:26  Marine  
  118  7:28  SCV x3  
  118  7:29  Supply Depot  
  125  7:32  Concussive Shells  
  125  7:37  Marine x3  
  125  7:38  Supply Depot  
  125  7:39  Medivac  
  125  7:40  SCV, Marauder  
  125  7:42  SCV  
  134  7:44  Marine  
  134  7:45  Marine x2  
  134  7:46  Marine  
  134  7:48  Marine  
  139  7:52  Medivac  
  139  7:53  Supply Depot  
  139  7:54  Supply Depot, Marine x2  
  139  7:57  Barracks Tech Lab x2  
  139  7:58  Barracks Tech Lab  
  143  7:59  Marine  
  143  8:00  Siege Tank  
  143  8:02  Marine  
  143  8:03  Marine  
  146  8:12  Command Center  
  146  8:15  Marine x2  
  146  8:16  SCV  
  146  8:19  Marine  
  146  8:21  Marine  
  146  8:23  Medivac  
  146  8:26  Marine x3  
  151  8:30  Marine x2  
  151  8:32  Siege Tank  
  156  8:36  Marauder  
  156  8:37  Marine  
  156  8:40  Marine, Medivac  
  151  8:42  Marine x2  
  151  8:45  Marauder x2  
  151  8:46  Marine x2  
  154  8:51  Marine  
  154  8:53  Marine, Medivac  
  147  8:56  Marine  
  147  8:58  Marine, Marauder x2  
  147  9:00  Marine  
  147  9:01  Marine  
  154  9:04  Siege Tank  
  154  9:06  Marauder  
  158  9:10  Marine x3  
  158  9:13  Marine x2, Marauder  
  158  9:15  Marine  
  164  9:18  Marine  
  164  9:19  Marine, Marauder  
  164  9:23  Medivac  
  164  9:24  Marine  
  164  9:27  Marine x2  
  164  9:28  Marine x2  
  164  9:31  Marine x2  
  164  9:33  Marine  
  164  9:34  Marauder  
  164  9:35  SCV  
  164  9:36  Marine  
  164  9:37  Marauder  
  174  9:40  Marine  
  175  9:42  Marine  
  175  9:45  Marine  
Tags
 
Add a new tag
Caveats
  • Supply blocks, unpowered buildings, or Contaminate may cause inaccurate times.
  • Supply counts are checked every 10 seconds.